 Dungeon Crawl Stone Soup version 0.29-a0-541-gaf1fc19f1b (webtiles) character file.

Game seed: 5785870745215272069

3080 bande the Cleaver (level 9, -4/55 HPs)
             Began as a Gargoyle Fighter on June 2, 2022.
             Was a Believer of Okawaru.
             Slain by a wight
             ... wielding a +0 halberd
              (6 damage)
             ... on level 8 of the Dungeon.
             The game lasted 00:11:20 (7873 turns).

bande the Cleaver (Gargoyle Fighter)                Turns: 7873, Time: 00:11:21

Health: -4/55      AC: 23    Str: 20    XL:     9   Next: 89%
Magic:  11/11      EV:  6    Int:  9    God:    Okawaru [**....]
Gold:   327        SH:  7    Dex: 25    Spells: 8/8 levels left

rFire   . . .      SeeInvis .   a - +1 war axe
rCold   . . .      Faith    .   c - +0 buckler
rNeg    + . .      Spirit   .   j - +0 plate armour
rPois   ∞          Reflect  .   g - +1 hat
rElec   +          Harm     .   (no cloak)
rCorr   .          Rampage  .   i - +0 pair of gloves
Will    .....                   s - +0 pair of boots
Stlth   ..........              (no amulet)
HPRegen 0.18/turn               v - +6 ring of dexterity
MPRegen 0.12/turn               u - +6 ring of dexterity

@: no status effects
A: sickness immunity, AC +6, negative energy resistance 1, electricity
resistance, torment resistance 1, petrification resistance
a: Renounce Religion, Heroism


You were on level 8 of the Dungeon.
You worshipped Okawaru.
Okawaru was pleased with you.
You visited 2 branches of the dungeon, and saw 9 of its levels.

You collected 327 gold pieces.

Inventory:

Hand Weapons
 a - a +1 war axe (weapon)
 t - a +0 morningstar
 x - a +1 long sword of flaming
 y - a +0 broad axe
Armour
 c - a +0 buckler (worn)
 g - a +1 hat (worn)
 i - a +0 pair of gloves (worn)
 j - a +0 plate armour (worn)
 s - a +0 pair of boots (worn)
Jewellery
 o - a ring of magical power
 u - a +6 ring of dexterity (right hand)
 v - a +6 ring of dexterity (left hand)
Wands
 p - a wand of flame (35)
Scrolls
 m - a scroll of amnesia
 w - a scroll of enchant armour
 z - a scroll of blinking
 A - 2 scrolls of teleportation
Potions
 b - a potion of mutation
 d - 2 potions of might
 e - a potion of ambrosia
 h - 2 potions of haste
 k - a potion of brilliance {unknown}
 l - a potion of heal wounds
 n - 2 potions of curing
 r - 2 potions of berserk rage


   Skills:
 + Level 6.2 Fighting
 + Level 8.4 Axes
 + Level 7.0 Armour
 + Level 5.5 Shields
 * Level 3.8 Invocations
 * Level 3.1 Evocations


You had 8 spell levels left.
You didn't know any spells.
Your spell library contained the following spells:

 Spells                   Type           Power      Damage    Failure   Level
 Ignite Poison            Fire/Tmut/Pois 0%         N/A       100%        3
 Mephitic Cloud           Conj/Pois/Air  0%         N/A       100%        3
 Freezing Cloud           Conj/Ice/Air   0%         6-21      100%        5


Dungeon Overview and Level Annotations

Branches:
Dungeon (8/15)             Temple (1/1) D:5
   Lair: D:8-11

Altars:
Ashenzari
Cheibriados
Dithmenos
Elyvilon
Gozag
Hepliaklqana
Kikubaaqudgha
Makhleb
Okawaru
Qazlal
Ru
Sif Muna
Trog
Uskayaw
Wu Jian
Xom
Yredelemnul
Zin

Annotations:
D:7 3 runed translucent doors, SuperHamster's ghost, novice OpCj


Innate Abilities, Weirdness & Mutations

You are immune to sickness and miasma.
Your stone body is resilient. (AC +6)
You are immune to poison.
You resist negative energy. (rN+)
You are resistant to electric shocks. (rElec)
You are resistant to unholy torment.
You are immune to petrification.


Message History

Okawaru accepts your kill.
You hit the wight but do no damage. The wight completely misses you.
You block the wight's attack.
The ice beast hits you but does no damage.
Your Evocations skill increases to level 3!
You hit the wight.
The wight is moderately damaged.
You closely miss the wight. You closely miss the ice beast.
You block the wight's attack. The wight hits you but does no damage.
You block the ice beast's attack.
Unknown command.
You barely miss the wight.
The wight is moderately damaged.
You slash the ice beast! You hit the wight. You block the wight's attack.
The wight hits you with a +3 flail of freezing!
The wight freezes you. You block the ice beast's attack.
Unknown command.
You slash the wight!
You destroy the wight!
Okawaru accepts your kill.
You hit the wight. You hit the ice beast but do no damage.
You barely miss the wight. The wight hits you but does no damage.
You block the wight's attack. The ice beast barely misses you.
The wight hits you but does no damage. x2; You block the ice beast's attack.
Things that are here:
a +3 flail of freezing; a +0 robe Unknown command.
The ice beast attacks as you move away!
The ice beast hits you but does no damage.
The wight hits you with a +3 scimitar. The wight hits you but does no damage.
You slash the ice beast!
You kill the ice beast!
Okawaru accepts your kill.
You hit the wight but do no damage. x2; The wight barely misses you.
The wight hits you with a +0 halberd.
* * * LOW HITPOINT WARNING * * *
The wight hits you with a +3 scimitar!
* * * LOW HITPOINT WARNING * * *
The wight hits you with a +0 halberd.
You die...

##............#....#
##.............###...#
#...#.......##.# ##...
#...#.......##...###..
##.##.......###.....>.
#####..##..)##.....
##....###.........
#.....#.)z........
##>....))@........
##.##.))z........
####............
#..#.........
#..##........
....##........
...###......... ...
.....###.


You could see 2 wights.

Vanquished Creatures
  Maggie (D:6)
  A hornet (D:7)
  Sigmund (D:2)
  A water moccasin (D:8)
  4 ice beasts
  2 black bears
  3 ogres
  2 centaurs
  A kobold brigand (D:7)
  A bullfrog (D:7)
  4 necrophages
  4 scorpions
  3 wights (D:8)
  3 jellies
  2 orc priests
  A gnoll shaman (D:5)
  4 iguanas
  4 orc wizards
  6 gnolls
  5 adders
  A shadow imp (D:7)
  A white imp (D:6)
  A dart slug (D:5)
  21 orcs
  3 endoplasms
  4 giant cockroaches
  8 goblins
  7 hobgoblins
  3 quokkas
  9 ball pythons
  5 bats (D:1)
  A frilled lizard (D:3)
  7 kobolds
  5 rats
129 creatures vanquished.

Vanquished Creatures (others)
  2 plants (D:3)
2 creatures vanquished.

Grand Total: 131 creatures vanquished

Notes
Turn   | Place    | Note
-------+----------+-------------------------------------------
     0 | D:1      | bande the Gargoyle Fighter began the quest for the Orb.
     0 | D:1      | Reached XP level 1. HP: 14/14 MP: 1/1
   263 | D:1      | Reached XP level 2. HP: 14/19 MP: 2/2
   532 | D:1      | Reached XP level 3. HP: 21/23 MP: 3/3
   583 | D:1      | Reached skill level 2 in Axes
  1125 | D:2      | Noticed Sigmund
  1131 | D:2      | Killed Sigmund
  1132 | D:2      | Reached skill level 3 in Axes
  1132 | D:2      | Reached XP level 4. HP: 29/29 MP: 4/4
  1132 | D:2      | Reached XP level 5. HP: 33/33 MP: 5/5
  1309 | D:2      | Found a faded altar of an unknown god.
  1657 | D:3      | Reached XP level 6. HP: 31/38 MP: 6/6
  1719 | D:3      | Reached skill level 4 in Axes
  2858 | D:5      | Entered Level 5 of the Dungeon
  3210 | D:4      | Reached skill level 5 in Armour
  3525 | D:5      | Reached XP level 7. HP: 35/44 MP: 7/7
  3567 | D:5      | Reached skill level 5 in Axes
  3970 | D:5      | Reached XP level 8. HP: 43/48 MP: 8/8
  4037 | D:5      | Reached skill level 6 in Axes
  4103 | D:5      | Found a staircase to the Ecumenical Temple.
  4180 | D:5      | Reached skill level 5 in Fighting
  4941 | Temple   | Entered the Ecumenical Temple
  5001 | Temple   | Became a worshipper of Warmaster Okawaru
  5266 | D:6      | Reached skill level 1 in Invocations
  5266 | D:6      | Reached skill level 1 in Evocations
  5365 | D:6      | Reached skill level 7 in Axes
  5365 | D:6      | Reached skill level 5 in Shields
  5665 | D:6      | Found a snail-covered altar of Cheibriados.
  5713 | D:6      | Noticed Maggie
  5728 | D:6      | Killed Maggie
  5728 | D:6      | Reached * piety under Okawaru
  5729 | D:6      | Reached XP level 9. HP: 39/54 MP: 10/10
  6591 | D:7      | Noticed a hornet
  6607 | D:7      | Killed a hornet
  7175 | D:7      | Found a runed translucent gate.
  7177 | D:7      | Found a runed translucent gate.
  7177 | D:7      | Found a runed translucent gate.
  7178 | D:7      | Noticed SuperHamster's ghost (novice OpCj)
  7323 | D:7      | Reached skill level 8 in Axes
  7640 | D:8      | Reached ** piety under Okawaru
  7873 | D:8      | HP: 2/55 [wight/+3 scimitar (9)]
  7873 | D:8      | Slain by a wight

Illustrated notes

Levels and vault maps discovered:
D:1:      heliophobic_arrival_dark_side_of_the_moon, layout_basic,
          feat_on_display
D:2:      layout_rooms, nicolae_ecumenical_lake_church, uniq_sigmund
D:3:      layout_basic, minmay_shallow_snake_nest
D:4:      layout_loops_cross, minivault_1
D:5:      layout_basic, minmay_temple_entry_waves
D:6:      layout_basic, nicolae_overflow_crystal_walls, uniq_maggie
D:7:      layout_loops_corners, ebering_ghost_rock_garden, enter_bailey_3
D:8:      layout_cave_pools, minmay_manual_macuahuitl
Temple:   regret_index_temple_sigil_plot

Skill      XL: |  1  2  3  4  5  6  7  8  9 |
---------------+----------------------------+-----
Axes           | 3 4 5 7 8 |  8.4
Armour         | 4 5 6 7 |  7.0
Shields        | 4 5 |  5.5
Fighting       | 4 5 6 |  6.2
Invocations    | 2 3 |  3.8
Evocations     | 1 3 |  3.1

Action                   |  1- 3 |  4- 6 |  7- 9 || total
-------------------------+-------+-------+-------++-------
Melee: War axe           |    75 |   106 |   265 ||   446
  Use: Scroll            |     4 |     7 |     8 ||    19
Armor: Scale mail        |    35 |       |       ||    35
       Plate armour      |    38 |   107 |   193 ||   338
Dodge: Dodged            |    23 |    35 |    74 ||   132
Block: Buckler           |    18 |    42 |    89 ||   149

Table legend: (Time is in decaauts)
 A = Elapsed time spent in this place.
 B = Non-inter-level travel time spent in this place.
 C = Inter-level travel time spent in this place.
 D = Time resting spent in this place.
 E = Time spent auto-exploring this place.
 F = Levels seen in this place.
 G = Mean time per level.
                   A        B        C        D        E       F      G
               +--------+--------+--------+--------+--------+-----+--------+
         Total |   8003 |   7922 |     81 |   1258 |   5325 |   9 |  889.2 |
       Dungeon |   7904 |   7858 |     46 |   1258 |   5288 |   8 |  988.0 |
        Temple |     98 |     63 |     35 |      0 |     37 |   1 |   98.0 |
               +--------+--------+--------+--------+--------+-----+--------+

Top non-repeatable levels by time:
     D:5: 1588 daAuts
     D:7: 1429 daAuts
     D:6: 1307 daAuts
     D:4: 1235 daAuts
     D:1: 1029 daAuts
     D:2: 624 daAuts
     D:3: 590 daAuts
     D:8: 99 daAuts
  Temple: 98 daAuts
